 Dungeon Crawl Stone Soup version 0.16-a0-3553-gf2c86d1 (webtiles) character file.

196 RedPan the Chiller (level 5, -7/38 HPs)
             Began as a Draconian Ice Elementalist on Jan 10, 2015.
             Was an Initiate of Vehumet.
             Mangled by Blork the orc
             ... wielding a +2 halberd of chopping
              (8 damage)
             ... on level 4 of the Dungeon.
             The game lasted 00:13:44 (4298 turns).

RedPan the Chiller (Draconian Ice Elementalist)     Turns: 4298, Time: 00:13:45

Health: -7/38      AC:  9    Str: 10    XL:     5   Next: 46%
Magic:  2/11       EV:  6    Int: 16    God:    Vehumet [......]
Gold:   146        SH:  0    Dex: 12    Spells: 3 memorised, 4 levels left

rFire  . . .     SeeInvis .     A - +0 whip
rCold  . . .     Clarity  .     (armour unavailable)
rNeg   . . .     SustAb   .     (no shield)
rPois  +         Gourm    .     m - +2 hat
rElec  .         Spirit   .     t - +0 cloak
rCorr  .         Warding  .     s - +0 pair of gloves
rMut   .         Stasis   .     (no boots)
MR     .....                    (no amulet)
Stlth  ++........               (no ring)
                                u - ring of poison resistance

@: held, not resistant to hostile enchantments, unstealthy
A: unfitting armour, cold-blooded, AC +5
a: Renounce Religion


You were on level 4 of the Dungeon.
You worshipped Vehumet.
Vehumet was noncommittal.
You were hungry.

You visited 1 branch of the dungeon, and saw 4 of its levels.

You collected 146 gold pieces.

Inventory:

Hand weapons
 A - a +0 whip (weapon)
Missiles
 d - 5 steel tomahawks (quivered)
Armour
 m - a +2 hat (worn)
 s - a +0 pair of gloves (worn)
 t - a +0 cloak (worn)
Jewellery
 l - an uncursed amulet of stasis
 u - a ring of poison resistance (left hand)
Scrolls
 a - 4 scrolls of magic mapping {unknown}
 e - 3 scrolls of identify {unknown}
 i - 2 scrolls of fog {unknown}
 p - a scroll of recharging {unknown}
 q - a scroll of amnesia {unknown}
 r - 2 scrolls of remove curse {unknown}
 v - a scroll of random uselessness {unknown}
 y - a scroll of blinking {unknown}
 z - 2 scrolls of enchant weapon {unknown}
Potions
 g - 3 potions of curing
 o - a potion of restore abilities {unknown}
Books
 b - a book of Frost

   Spells                             Type                      Level
   a - Freeze                         Ice                          1
   b - Throw Frost                    Conjuration/Ice              2
   c - Ozocubu's Armour               Charms/Ice                   3
   d - Throw Icicle                   Conjuration/Ice              4
   e - Summon Ice Beast               Ice/Summoning                4
   f - Condensation Shield            Ice                          4
Comestibles
 c - 6 bread rations
 j - a slice of pizza
 k - 4 meat rations
 n - 5 fruits
 w - 3 chunks of flesh
 x - a royal jelly


   Skills:
 - Level 1.7 Dodging
 - Level 1.7 Stealth
 - Level 3.0 Spellcasting
 + Level 2.3 Conjurations
 * Level 5.2 Ice Magic


You had 4 spell levels left.
You knew the following spells:

 Your Spells              Type           Power        Failure   Level  Hunger
a - Freeze                Ice            ###.         2%          1    #......
b - Throw Frost           Conj/Ice       ##....       8%          2    ##.....
c - Ozocubu's Armour      Chrm/Ice       ##......     21%         3    ###....


Dungeon Overview and Level Annotations

Branches:
Dungeon (4/15)
 Temple: D:4-7

Altars:
Kikubaaqudgha
Makhleb
Ru
Trog
Vehumet

Annotations:
D:4 Blork the orc


Innate Abilities, Weirdness & Mutations

Your plain brown scales are hard (AC +5).
Your body does not fit into most forms of armour.
Your cold-blooded metabolism reacts poorly to cold.


Message History

Blork the orc flickers and vanishes!
Deactivating autopickup; reactivate with Ctrl-A.
The giant gecko bites you.
The gnoll shouts!
Something hits you.
* * * LOW HITPOINT WARNING * * *
x2 The gnoll throws a throwing net.
The throwing net hits you.
You become entangled in the net!
You see here a throwing net.
You struggle against the net.
The giant gecko bites you but does no damage.
Something hits you.
* * * LOW HITPOINT WARNING * * *
x2 You try to slip out of the net.
The giant gecko bites you but does no damage.
The giant gecko barely misses you.
The gnoll hits you from afar with a halberd.
* * * LOW HITPOINT WARNING * * *
You try to slip out of the net.
Something hits you!
You die...

# ...# # ##...........# ## ####
#..###....#.......##.... .###..##
#...#.. .......<..##....
.......###.#...##...##...........
#####...##.....#.......###.......
##......#...........#..#...#.
##.......#.......#.....#..#.
##..............#..#.......
#......{l@..#....>....##..
#######..##..............##..
#...........g..###...........
#..............###.....<.#... #
#.........#...#.##...##.#.#.. ##
##.......####.###...........##
.###..####### #.## #......♣♣♣..#
.....## ..# .......♣# #♣.# ######
##. ####....♣ ♣..


You could see a gnoll and a giant gecko.

Vanquished Creatures
  2 gnolls (D:4)
  6 adders
  A giant mite (D:2)
  5 worms
  4 giant geckos
  An orc (D:3)
  A ball python (D:1)
  8 bats
  5 giant cockroaches
  7 goblins
  20 hobgoblins
  8 jackals
  A quokka (D:3)
  2 giant newts
  A jackal skeleton (D:4)
  5 kobolds
  5 rats
82 creatures vanquished.

Notes
Turn   | Place    | Note
--------------------------------------------------------------
     0 | D:1      | RedPan, the Draconian Ice Elementalist, began the quest for the Orb.
     0 | D:1      | Reached XP level 1. HP: 14/14 MP: 3/3
   376 | D:1      | Reached XP level 2. HP: 20/20 MP: 5/5
  1216 | D:1      | Reached XP level 3. HP: 19/26 MP: 3/6
  1276 | D:1      | Learned a level 2 spell: Throw Frost
  1280 | D:1      | Learned a level 3 spell: Ozocubu's Armour
  1461 | D:2      | Reached skill level 4 in Ice Magic
  1681 | D:2      | HP: 1/26 [worm (6)]
  1693 | D:2      | Reached XP level 4. HP: 2/33 MP: 5/9
  2058 | D:2      | Found a bloodstained altar of Trog.
  2249 | D:2      | Found a burning altar of Makhleb.
  2792 | D:3      | Reached skill level 5 in Ice Magic
  3010 | D:3      | Found a sacrificial altar of Ru.
  3014 | D:3      | Reached XP level 5. HP: 34/38 MP: 11/11
  3115 | D:3      | Found an ancient bone altar of Kikubaaqudgha.
  3312 | D:3      | Found a radiant altar of Vehumet.
  3353 | D:3      | Became a worshipper of Vehumet
  4241 | D:4      | Noticed Blork the orc
  4297 | D:4      | HP: 1/38 [gnoll/halberd (5)]
  4298 | D:4      | Mangled by Blork the orc

Action                   |  1- 3 |  4- 6 || total
-------------------------+-------+-------++-------
Melee: Unarmed           |    15 |       ||    15
       Dagger            |    69 |   153 ||   222
       Whip              |       |     5 ||     5
Throw: Tomahawk          |    19 |       ||    19
 Cast: Freeze            |    40 |    39 ||    79
       Ozocubu's Armour  |     1 |     1 ||     2
       Throw Frost       |       |    19 ||    19
  Use: Potion            |       |     2 ||     2
 Stab: Sleeping          |       |     1 ||     1
  Eat: Chunk             |     3 |     9 ||    12
